 Dungeon Crawl Stone Soup version 0.30-a0-1164-ge08a67761e (webtiles) character file.

Game seed: 10404834297047531588

31516 Jeffwins the Destroyer (level 13, 0/91 (92) HPs)
             Began as a Human Wanderer on Apr 29, 2023.
             Was a High Priest of Vehumet.
             Slain by a wraith (8 damage)
             ... led by Josephine
             ... on level 3 of the Lair of Beasts.
             The game lasted 00:30:46 (16684 turns).

Jeffwins the Destroyer (Human Wanderer)            Turns: 16684, Time: 00:30:47

HP:   0/91 (92)     AC:  9    Str: 10    XL:     13   Next: 97%
MP:   1/32          EV: 16    Int: 25    God:    Vehumet [*****.]
Gold: 734           SH:  0    Dex: 17    Spells: 6/26 levels left

rFire   . . .        a - +11 trident "Zecrinuz" {venom, MP+9 Dex+3}
rCold   + . .        (no shield)
rNeg    . . .        F - +3 robe of Philately {rCorr Int+3}
rPois   +            (helmet restricted)
rElec   +            I - +2 cloak
rCorr   +            A - +0 pair of gloves "Evula" {rCorr Int+3 Slay+2}
SInv    .            (no boots)
Will    +....        u - amulet of Existentialism {Faith rElec rPois Will+}
Stlth   +++          C - ring of protection from cold
HPRegen 0.35/turn    E - +5 ring of evasion
MPRegen 0.23/turn

%: faith
@: about to teleport, very slightly contaminated, slowed, studying Earth Magic,
lightly drained, very slow
A: horns 1, mutation resistance 1
a: Renounce Religion


You were on level 3 of the Lair of Beasts.
You worshipped Vehumet.
Vehumet was extremely pleased with you.
You visited 2 branches of the dungeon, and saw 15 of its levels.

You collected 981 gold pieces.
You spent 247 gold pieces at shops.


Innate Abilities, Weirdness & Mutations

You have a pair of small horns on your head.
You are somewhat resistant to further mutation.


   Skills:
 + Level 5.6 Fighting
 * Level 7.4 Polearms
 - Level 6.0 Ranged Weapons
 + Level 3.3 Throwing
 - Level 1.0 Armour
 - Level 5.0 Stealth
 + Level 3.0 Shields
 * Level 7.1 Spellcasting
 * Level 8.3 Conjurations
 * Level 7.4 Necromancy
 + Level 3.1 Translocations
 * Level 0.2 Transmutations
 * Level 0.2 Fire Magic
 * Level 5.7 Ice Magic
 * Level 6.3 Air Magic
 - Level 8.0 Earth Magic
 * Level 6.3 Poison Magic
 + Level 4.6 Evocations


You had 6 spell levels left.
You knew the following spells:

 Your Spells              Type           Power      Damage    Failure   Level
c - Freezing Cloud        Conj/Ice/Air   21%        6-21      3%          5
s - Stone Arrow           Conj/Erth      98%        3d13      1%          3
v - Dispel Undead         Necr           46%        3d18      3%          4
w - Shock                 Conj/Air       100%       1d9       1%          1
x - Ignite Poison         Fire/Tmut/Pois 20%        N/A       2%          3
z - Poisonous Vapours     Pois/Air       80%        N/A       1%          2
I - Blink                 Tloc           48%        N/A       2%          2

Your spell library contained the following spells:

 Spells                   Type           Power      Damage    Failure   Level
 Plasma Beam              Fire/Air       12%        2x1d26    54%         6
 Kiss of Death            Conj/Necr      100%       2d13      1%          1
 Static Discharge         Conj/Air       90%        2-6/arc   1%          2
 Frozen Ramparts          Ice            74%        1d12      1%          3
 Swiftness                Air            40%        N/A       1%          3
 Airstrike                Air            20%        2d(3-19)  1%          4
 Sticky Flame             Conj/Fire      30%        2d5       3%          4
 Ice Form                 Ice/Tmut       23%        N/A       19%         4
 Manifold Assault         Tloc           24%        N/A       19%         4
 Summon Lightning Spire   Summ/Air       24%        N/A       19%         4
 Confusing Touch          Hex            8%         N/A       21%         3
 Summon Ice Beast         Ice/Summ       23%        N/A       21%         4
 Storm Form               Tmut/Air       12%        N/A       100%        7
 Ignition                 Fire           5%         3d4       100%        8

Inventory:

Hand Weapons
 a - the +11 trident "Zecrinuz" (weapon) {venom, MP+9 Dex+3}
   (You found it on level 4 of the Dungeon)

   Dex:       It affects your dexterity (+3).
   MP:        It affects your magic capacity (+9).
 b - a +2 sling
 m - a +0 whip of venom
 p - a +0 dagger of venom
Missiles
 x - a throwing net {=f}
 B - 48 poisoned darts
 G - 3 curare-tipped darts {=f}
Armour
 g - a +0 troll leather armour
 o - a +2 robe of positive energy
 s - a +0 helmet
 v - the +0 pair of gloves of Culup {+Blink Fly}
   (You found it on level 5 of the Dungeon)

   Fly:       It grants you flight.
   +Blink:    It lets you blink.
 A - the +0 pair of gloves "Evula" (worn) {rCorr Int+3 Slay+2}
   (You bought it in a shop on level 2 of the Dungeon)

   Int:       It affects your intelligence (+3).
   Slay:      It affects your accuracy & damage with ranged weapons and melee
   (+2).
   rCorr:     It protects you from acid and corrosion.
 F - the +3 robe of Philately (worn) {rCorr Int+3}
   (You found it on level 6 of the Dungeon)

   Int:       It affects your intelligence (+3).
   rCorr:     It protects you from acid and corrosion.
 I - a +2 cloak (worn)
 M - a +0 buckler
Jewellery
 u - the amulet of Existentialism (around neck) {Faith rElec rPois Will+}
   (You found it on level 5 of the Dungeon)

   [amulet of faith]

   It allows you to gain divine favour quickly.
   rElec:     It insulates you from electricity.
   rPois:     It protects you from poison.
   Will:      It increases your willpower.
 C - a ring of protection from cold (left hand)
 E - a +5 ring of evasion (right hand)
 P - a ring of poison resistance
 R - a ring of resist corrosion
Wands
 y - a wand of flame (37)
 D - a wand of digging (4)
 H - a wand of paralysis (9)
 L - a wand of polymorph (2)
Scrolls
 d - a scroll of butterflies
 f - 3 scrolls of magic mapping
 r - 4 scrolls of teleportation {@r4}
 w - 2 scrolls of poison
 z - 4 scrolls of enchant armour
 J - 2 scrolls of blinking
 K - 3 scrolls of fog
 O - a scroll of enchant weapon
 U - a scroll of silence {!r}
Potions
 c - a potion of berserk rage {!q}
 e - a potion of curing {@q1}
 h - 2 potions of magic
 i - 4 potions of haste {unknown}
 j - 2 potions of flight
 k - 5 potions of ambrosia
 l - a potion of lignification {!q}
 t - a potion of invisibility
 N - 3 potions of heal wounds {unknown}
 Q - a potion of brilliance
 S - 3 potions of might
 V - a potion of mutation {!q}
Miscellaneous
 T - a phantom mirror

Dungeon Overview and Level Annotations

Branches:
Dungeon (12/15)            Temple (0/1) D:7            Lair (3/5) D:8
    Orc (0/2) D:10
  Swamp: Lair:2-3    Shoals: Lair:2-3     Snake: Lair:2-3    Spider: Lair:2-3

Altars:
Dithmenos
Gozag
Hepliaklqana
Kikubaaqudgha
Makhleb
Nemelex Xobeh
Vehumet
Wu Jian

Shops:
D:2 [   D:9 (

Annotations:
D:5 1 runed translucent door

#...........#
####..##....# . ..
####..##....####. ### ...
..............#.+#..##...
.........................
.........................
.........................
.................W.......
................@WF......
.................W.......
..##...#.....###.P.##....
###.#..#.....####### ...
#.....#####..##....# ..
#....## ##......## .....#
###P...# .#.### ##...#
..#.# ##..#


You could see 3 wraiths and a bullfrog.


Message History

Aiming: Dispel Undead (dangerous; 3% risk of failure)
Press: ? - help, Shift-Dir - straight line, f/p - wraith
Aim: a wraith (severely damaged, 100% to hit)
The wraith is dispelled!
The wraith completely misses you. The wraith hits you.
* * * LOW HITPOINT WARNING * * *
The wraith drains your vigour!
You feel as though you will be slow longer.
The wraith hits you.
* * * LOW HITPOINT WARNING * * *
The wraith drains your vigour!
You feel as though you will be slow longer.
The wraith misses you. The wraith closely misses you. The wraith hits you.
* * * LOW HITPOINT WARNING * * *
The wraith drains your vigour!
You feel as though you will be slow longer.
Unknown command.
As you read the scroll of teleportation {@r4}, it crumbles to dust.
You feel strangely unstable. The wraith closely misses you.
The wraith barely misses you. The wraith hits you but does no damage.
Unknown command.
The wraith attacks as you move away! The wraith misses you.
The wraith hits you!
* * * LOW HITPOINT WARNING * * *
The wraith hits you but does no damage. The wraith misses you.
The wraith attacks as you move away! The wraith hits you.
* * * LOW HITPOINT WARNING * * *
The wraith drains your vigour!
You feel as though you will be slow longer.
The wraith attacks as you move away! The wraith hits you!
You die...

Skill      XL: |  1  2  3  4  5  6  7  8  9 10 11 12 13 |
---------------+----------------------------------------+-----
Fighting       | 1 2 3 4 5 |  5.6
Earth Magic    | 1 2 3 4 5 7 8 |  8.0
Spellcasting   | 2 3 4 5 6 7 |  7.1
Conjurations   | 3 4 5 6 7 8 |  8.3
Necromancy     | 1 2 3 4 5 6 7 |  7.4
Polearms       | 1 2 3 4 5 6 7 |  7.4
Stealth        | 3 4 5 |  5.0
Ranged Weapons | 5 6 |  6.0
Evocations     | 1 2 3 4 |  4.6
Air Magic      | 1 3 4 5 6 |  6.3
Poison Magic   | 1 3 4 5 6 |  6.3
Ice Magic      | 2 3 4 5 |  5.7
Throwing       | 1 2 3 |  3.3
Translocations | 1 2 3 |  3.1
Shields        | 2 3 |  3.0
Armour         | |  1.0
Transmutations | |  0.2
Fire Magic     | |  0.2

Action                     |  1- 3 |  4- 6 |  7- 9 | 10-12 | 13-15 || total
---------------------------+-------+-------+-------+-------+-------++-------
  Melee: Trident           |       |     1 |   148 |   183 |   108 ||   440
         Punch             |       |       |     4 |     7 |       ||    11
         Headbutt          |       |       |       |       |    16 ||    16
   Fire: Sling             |    92 |   183 |     3 |       |       ||   278
   Cast: Stone Arrow       |     1 |     6 |    41 |   164 |    42 ||   254
         Dispel Undead     |       |       |     1 |       |     4 ||     5
         Poisonous Vapours |       |       |       |     7 |    25 ||    32
         Frozen Ramparts   |       |       |       |     1 |       ||     1
         Freezing Cloud    |       |       |       |    22 |    11 ||    33
         Blink             |       |       |       |     1 |       ||     1
         Ignite Poison     |       |       |       |       |    10 ||    10
  Evoke: Phantom mirror    |       |       |       |     1 |       ||     1
    Use: Scroll            |       |       |     5 |     8 |     3 ||    16
         Potion            |       |       |       |    14 |     2 ||    16
   Stab: Sleeping          |       |       |     5 |     4 |     3 ||    12
         Distracted        |       |       |     1 |       |     1 ||     2
         Invisible         |       |       |       |     2 |       ||     2
         Petrified         |       |       |       |     5 |       ||     5
         Petrifying        |       |       |       |     1 |       ||     1
 Armour: Robe              |    17 |    26 |    30 |    74 |    33 ||   180
         Skin              |       |       |       |    53 |       ||    53
  Dodge: Dodged            |    26 |    39 |   106 |   180 |   115 ||   466

Levels and vault maps discovered:
D:1:      wander_arrival_fairy_ring, layout_basic,
          chequers_ecumenical_altar_island, minmay_tromino_v4_c
D:2:      kennysheep_big_flooded_room, layout_loops_corners, serial_shops,
          nicolae_shop_crystal, basic_altar, chequers_serial_rivers_micro_c,
          minmay_fractal_squares_gapless_5
D:3:      layout_loops_corners
D:4:      layout_gridville, grunt_gozag_breadcrumbs,
          mainiacjoe_overflow_small_starburst, mainiacjoe_overflow_brackets,
          bh_walls_and_bars, uniq_menkaure
D:5:      layout_basic, ebering_ghost_sewer_f, uniq_ijyb, uniq_blork_the_orc,
          uniq_duvessa
D:6:      layout_loops_ring, corexii_item_surrounded_by_moat,
          sigmund_edmund_badplayer
D:7:      layout_basic, minmay_temple_entry_grid,
          chequers_serial_rivers_small_3, minmay_bent
D:8:      layout_cave_pools, erik_lair_island, ebering_ghost_disaster_area
D:9:      layout_irregular_city, nicolae_stop_n_shop_1, uniq_maurice
D:10:     layout_rooms, chequers_temple_overflow_statue_of_worship,
          demons_altar, minmay_orc_entry_guard_dogs, minivault_5,
          minmay_diamond_spiral
D:11:     layout_stronghold
D:12:     layout_basic, fedhas_bush_and_centaur_altar
Lair:1:   layout_cave_pods, chequers_serial_rivers_micro_b
Lair:2:   layout_hall_layers, minivault_23, grunt_megastairs_5
Lair:3:   layout_regular_city, minmay_swamp_entry_worms, spider_nest_entry_a,
          nicolae_volcano_entry_s_turn, grunt_megastairs_2, uniq_sonja,
          uniq_josephine

Notes
Turn   | Place    | Note
-------+----------+-------------------------------------------
     0 | D:1      | Jeffwins the Human Wanderer began the quest for the Orb.
     0 | D:1      | Jeffwins set off with the following items: a +2 sling, a +0
                  | helmet, a potion of berserk rage {!q}, a +0 robe; and the
                  | following spell memorised: Shock; and the following spells
                  | available to memorise: Stone Arrow.
     0 | D:1      | Reached XP level 1. HP: 13/13 MP: 2/2
    48 | D:1      | Reached XP level 2. HP: 19/19 MP: 3/3
   309 | D:1      | Reached XP level 3. HP: 25/25 MP: 5/5
   313 | D:1      | Learned a level 3 spell: Stone Arrow
   346 | D:1      | Found a faded altar of an unknown god.
   916 | D:2      | Found a radiant altar of Vehumet.
   924 | D:2      | Became a worshipper of Vehumet
  1022 | D:2      | Reached XP level 4. HP: 31/31 MP: 6/6
  1110 | D:2      | Reached skill level 1 in Fighting
  1372 | D:2      | Found Qusigunn's Antique Armour Shoppe.
  1405 | D:2      | Reached skill level 1 in Earth Magic
  1702 | D:3      | Reached * piety under Vehumet
  1702 | D:3      | Offered knowledge of Freeze by Vehumet.
  1703 | D:3      | Reached skill level 2 in Spellcasting
  1887 | D:3      | Reached XP level 5. HP: 37/37 MP: 8/8
  1892 | D:3      | Learned a level 4 spell: Dispel Undead
  2582 | D:4      | Reached skill level 3 in Conjurations
  2617 | D:4      | Reached skill level 1 in Necromancy
  2617 | D:4      | Reached XP level 6. HP: 41/43 MP: 4/9
  2663 | D:4      | Found an ancient bone altar of Kikubaaqudgha.
  2726 | D:4      | Found a sparkling altar of Nemelex Xobeh.
  3044 | D:4      | Identified the +11 trident "Zecrinuz" {venom, MP+9 Dex+3}
  3126 | D:4      | Found an opulent altar of Gozag.
  3182 | D:4      | Noticed Menkaure
  3185 | D:4      | Killed Menkaure
  3186 | D:4      | Reached skill level 2 in Earth Magic
  3186 | D:4      | Reached XP level 7. HP: 42/49 MP: 10/11
  3540 | D:5      | Entered Level 5 of the Dungeon
  3695 | D:5      | Reached skill level 1 in Polearms
  3736 | D:5      | Reached skill level 3 in Stealth
  3788 | D:5      | Noticed Duvessa
  3815 | D:5      | Reached skill level 2 in Necromancy
  3822 | D:5      | Reached skill level 2 in Fighting
  3822 | D:5      | Reached skill level 5 in Ranged Weapons
  3822 | D:5      | Reached skill level 3 in Spellcasting
  3824 | D:5      | Reached ** piety under Vehumet
  3867 | D:5      | Offered knowledge of Poisonous Vapours by Vehumet.
  3871 | D:5      | Learned a level 2 spell: Poisonous Vapours
  3986 | D:5      | Noticed Dowan
  3995 | D:5      | Killed Duvessa
  4007 | D:5      | Reached XP level 8. HP: 17/56 MP: 12/12
  4164 | D:5      | Reached skill level 4 in Conjurations
  4209 | D:5      | Noticed Blork the orc
  4223 | D:5      | Reached skill level 2 in Polearms
  4224 | D:5      | Killed Dowan
  4268 | D:5      | Reached skill level 3 in Earth Magic
  4269 | D:5      | Killed Blork the orc
  4419 | D:5      | Found a runed translucent door.
  4422 | D:5      | Noticed mandoloar's ghost (novice OpSu)
  4443 | D:5      | Killed mandoloar's ghost
  4444 | D:5      | Reached skill level 3 in Necromancy
  4577 | D:5      | Found a runed translucent door.
  4607 | D:5      | Identified the amulet of Existentialism {Faith rElec rPois
                  | Will+}
  4666 | D:5      | Identified the +0 pair of gloves of Culup {+Blink Fly}
  4685 | D:5      | Reached XP level 9. HP: 54/62 MP: 14/14
  4967 | D:5      | Noticed Ijyb
  4973 | D:5      | Killed Ijyb
  4974 | D:5      | Reached skill level 4 in Spellcasting
  5034 | D:5      | Reached skill level 3 in Polearms
  5681 | D:2      | Bought a pair of fine gloves for 247 gold pieces
  5681 | D:2      | Identified the +0 pair of gloves "Evula" {rCorr Int+3
                  | Slay+2} (You bought it in a shop on level 2 of the Dungeon)
  5977 | D:6      | Reached skill level 4 in Stealth
  6147 | D:6      | Reached skill level 5 in Conjurations
  6148 | D:6      | Offered knowledge of Momentum Strike by Vehumet.
  6166 | D:6      | Reached skill level 4 in Earth Magic
  6202 | D:6      | Noticed Edmund
  6204 | D:6      | Identified the +3 robe of Philately {rCorr Int+3}
  6214 | D:6      | Killed Edmund
  6215 | D:6      | Reached skill level 3 in Fighting
  6215 | D:6      | Reached skill level 6 in Ranged Weapons
  6215 | D:6      | Reached skill level 1 in Evocations
  6314 | D:6      | Noticed Sigmund
  6319 | D:6      | Killed Sigmund
  6320 | D:6      | Reached skill level 4 in Necromancy
  6528 | D:6      | Reached *** piety under Vehumet
  6529 | D:6      | Reached skill level 1 in Air Magic
  6529 | D:6      | Reached skill level 1 in Poison Magic
  6830 | D:7      | Found a staircase to the Ecumenical Temple.
  7033 | D:7      | Reached XP level 10. HP: 61/70 MP: 8/16
  7051 | D:7      | HP: 4/70 [poisoned by a gnoll sergeant]
  7264 | D:7      | Reached skill level 4 in Polearms
  7315 | D:7      | Reached skill level 2 in Air Magic
  7315 | D:7      | Reached skill level 2 in Poison Magic
  7315 | D:7      | Offered knowledge of Dazzling Flash by Vehumet.
  7325 | D:7      | Learned a level 3 spell: Frozen Ramparts
  7616 | D:7      | Reached skill level 2 in Evocations
  7682 | D:7      | Reached skill level 1 in Ice Magic
  7855 | D:7      | Reached **** piety under Vehumet
  7966 | D:7      | Offered knowledge of Freezing Cloud by Vehumet.
  7978 | D:7      | Learned a level 5 spell: Freezing Cloud
  8318 | D:8      | Reached skill level 5 in Spellcasting
  8328 | D:8      | HP: 8/105 [wolf (5)]
  8330 | D:8      | Gained mutation: You have hidden genetic potential. [potion
                  | of mutation]
  8330 | D:8      | Gained mutation: You occasionally lose the ability to read
                  | scrolls when taking damage. [potion of mutation]
  8330 | D:8      | HP: 2/105 [something (6)]
  8339 | D:8      | Reached skill level 6 in Conjurations
  8340 | D:8      | HP: 6/105 [wolf (5)]
  8353 | D:8      | Killed an unseen horror
  8354 | D:8      | Reached skill level 3 in Air Magic
  8354 | D:8      | Reached skill level 5 in Earth Magic
  8354 | D:8      | Reached skill level 3 in Poison Magic
  8499 | D:8      | Reached skill level 5 in Necromancy
  8636 | D:8      | Found a staircase to the Lair.
  8823 | D:8      | Reached skill level 2 in Ice Magic
  8910 | D:8      | Reached XP level 11. HP: 71/76 MP: 17/18
  8992 | D:8      | Found a large runed translucent door.
  8994 | D:8      | Found a large runed translucent door.
  8996 | D:8      | Noticed abessonov's ghost (novice SpEn)
  9194 | D:8      | Killed abessonov's ghost
  9249 | D:9      | Noticed a two-headed ogre
  9249 | D:9      | Found Haes's Antique Weapon Shoppe.
  9254 | D:9      | Killed a two-headed ogre
  9255 | D:9      | Reached skill level 4 in Fighting
  9255 | D:9      | Reached skill level 5 in Stealth
  9349 | D:9      | Reached skill level 5 in Polearms
  9350 | D:9      | Reached ***** piety under Vehumet
  9353 | D:9      | Offered knowledge of Arcjolt by Vehumet.
  9371 | D:9      | Gained mutation: You are agile. (Dex +4, Str/Int -1)
                  | [hidden potential]
  9509 | D:9      | Reached skill level 4 in Air Magic
  9514 | D:9      | Reached skill level 1 in Throwing
  9535 | D:9      | Learned a level 2 spell: Blink
  9554 | D:9      | Reached skill level 3 in Evocations
  9676 | D:9      | Noticed Maurice
  9683 | D:9      | Killed Maurice
  9684 | D:9      | Reached skill level 3 in Ice Magic
  9684 | D:9      | Reached skill level 4 in Poison Magic
 10235 | D:10     | Entered Level 10 of the Dungeon
 10235 | D:10     | Noticed an orc knight
 10247 | D:10     | Noticed a centaur warrior
 10371 | D:10     | Killed an orc knight
 10600 | D:10     | Noticed a two-headed ogre
 10605 | D:10     | Killed a two-headed ogre
 10622 | D:10     | Reached skill level 1 in Translocations
 10735 | D:10     | Found a shadowy altar of Dithmenos.
 10738 | D:10     | Found a hazy altar of Hepliaklqana.
 10739 | D:10     | Found an ornate altar of the Wu Jian Council.
 10769 | D:10     | Found a staircase to the Orcish Mines.
 10797 | D:10     | Killed a centaur warrior
 10798 | D:10     | Reached skill level 7 in Conjurations
 10798 | D:10     | Reached XP level 12. HP: 28/84 MP: 6/20
 11015 | D:10     | Reached skill level 6 in Earth Magic
 11289 | D:10     | Identified the +0 robe of Xociuc {rC- Dex+4}
 11334 | D:10     | Reached skill level 6 in Necromancy
 11380 | D:10     | Found a burning altar of Makhleb.
 11384 | D:10     | Reached skill level 6 in Spellcasting
 11996 | D:11     | Reached skill level 1 in Shields
 12111 | D:11     | Reached skill level 6 in Polearms
 12123 | D:11     | Gained mutation: You are covered in fur. (AC +1) [hidden
                  | potential]
 12123 | D:11     | Lost mutation: You have hidden genetic potential. [hidden
                  | potential expressed]
 12191 | D:11     | Offered knowledge of Conjure Ball Lightning by Vehumet.
 12264 | D:11     | Reached skill level 2 in Throwing
 12264 | D:11     | Reached skill level 4 in Ice Magic
 12856 | D:12     | Noticed a boulder beetle
 12861 | D:12     | Reached skill level 5 in Poison Magic
 12867 | D:12     | Killed a boulder beetle
 12868 | D:12     | Reached skill level 5 in Air Magic
 12968 | Lair:1   | Entered Level 1 of the Lair of Beasts
 12980 | Lair:1   | Noticed a catoblepas
 13010 | Lair:1   | Killed a catoblepas
 13261 | Lair:1   | Reached skill level 7 in Earth Magic
 13274 | Lair:1   | Reached skill level 2 in Shields
 13398 | Lair:1   | Reached skill level 2 in Translocations
 13634 | Lair:1   | Reached XP level 13. HP: 90/90 MP: 22/22
 13993 | Lair:1   | Reached skill level 5 in Fighting
 14292 | Lair:1   | Lost mutation: You are covered in fur. (AC +1) [potion of
                  | mutation]
 14292 | Lair:1   | Lost mutation: You occasionally lose the ability to read
                  | scrolls when taking damage. [potion of mutation]
 14292 | Lair:1   | Gained mutation: You are dopey. (Int -2) [potion of
                  | mutation]
 14292 | Lair:1   | Gained mutation: You have a pair of small antennae on your
                  | head. [potion of mutation]
 14293 | Lair:1   | Lost mutation: You are dopey. (Int -2) [potion of mutation]
 14293 | Lair:1   | Lost mutation: You have a pair of small antennae on your
                  | head. [potion of mutation]
 14293 | Lair:1   | Lost mutation: You are agile. (Dex +4, Str/Int -1) [potion
                  | of mutation]
 14293 | Lair:1   | Gained mutation: You are somewhat resistant to further
                  | mutation. [potion of mutation]
 14293 | Lair:1   | Gained mutation: You have a pair of small horns on your
                  | head. [potion of mutation]
 14318 | Lair:1   | Reached skill level 4 in Evocations
 14797 | Lair:1   | Reached skill level 5 in Ice Magic
 14912 | Lair:2   | Reached skill level 7 in Necromancy
 14913 | Lair:2   | Reached skill level 3 in Throwing
 14944 | Lair:2   | Reached skill level 7 in Polearms
 14944 | Lair:2   | Reached skill level 8 in Conjurations
 14988 | Lair:2   | Reached skill level 8 in Earth Magic
 15994 | Lair:3   | Reached skill level 6 in Air Magic
 16010 | Lair:3   | Reached skill level 6 in Poison Magic
 16013 | Lair:3   | Offered knowledge of Plasma Beam by Vehumet.
 16273 | Lair:3   | Learned a level 3 spell: Ignite Poison
 16289 | Lair:3   | Reached skill level 7 in Spellcasting
 16336 | Lair:3   | Reached skill level 3 in Translocations
 16560 | Lair:3   | Reached skill level 3 in Shields
 16669 | Lair:3   | Noticed Josephine
 16676 | Lair:3   | Killed Josephine
 16684 | Lair:3   | HP: 8/91 [wraith[Josephine] (5)]
 16684 | Lair:3   | Slain by a wraith

Vanquished Creatures
  Josephine (Lair:3)
  A centaur warrior (D:10)
  A boulder beetle (D:12)
  A catoblepas (Lair:1)
  2 two-headed ogres
  A skyshark (Lair:2)
  An orc knight (D:10)
  A cyclops (D:10)
  The ghost of abessonov the Covert, a novice SpEn of Nemelex Xobeh (D:8)
  A manticore (D:11)
  An ugly thing (D:11)
  Maurice (D:9)
  4 elephants (Lair:3)
  3 black mambas
  7 cane toads
  An unseen horror (D:8)
  A rime drake (Lair:2)
  2 kobold demonologists (D:9)
  The ghost of mandoloar the Caller, a novice OpSu (D:5)
  6 komodo dragons
  A tyrant leech (Lair:3)
  4 trolls
  3 hornets
  A meliai (D:10)
  16 blink frogs
  2 wraiths
  Sigmund (D:6)
  A shadow (D:10)
  3 basilisks (Lair:1)
  2 wyverns
  25 yaks
  Edmund (D:6)
  Menkaure (D:4)
  2 swamp worms (Lair:3)
  4 vampire mosquitoes (D:12)
  4 wargs (D:10)
  An acid dragon (D:10)
  Duvessa (D:5)
  2 orc warriors
  6 water moccasins
  6 ice beasts
  4 sky beasts
  A black bear (D:7)
  A boggart (D:10)
  An ogre (D:5)
  9 wolves
  3 centaurs
  A phantom (D:7)
  Blork the orc (D:5)
  7 kobold brigands
  7 bullfrogs
  A gnoll sergeant (D:7)
  2 scorpions
  9 wights
  Dowan (D:5)
  2 jellies
  11 killer bees
  3 howler monkeys
  2 electric eels (D:8)
  3 hounds
  8 orc priests
  3 iron imps (D:10)
  3 sleepcaps
  Ijyb (D:5)
  4 iguanas
  12 orc wizards
  5 adders
  8 gnolls
  A river rat (D:5)
  A shadow imp (D:7)
  A white imp (D:8)
  An ufetubus (D:5)
  2 worms (D:2)
  6 dart slugs
  50 orcs
  10 bats
  11 endoplasms
  10 giant cockroaches
  4 goblins
  5 hobgoblins
  30 kobolds
  5 quokkas
  7 ball pythons
  3 frilled lizards
  8 rats
393 creatures vanquished.

Vanquished Creatures (others)
  9 fungi
  4 plants (Lair:1)
13 creatures vanquished.

Grand Total: 406 creatures vanquished

Table legend: (Time is in decaauts)
 A = Elapsed time spent in this place.
 B = Non-inter-level travel time spent in this place.
 C = Inter-level travel time spent in this place.
 D = Time resting spent in this place.
 E = Time spent auto-exploring this place.
 F = Levels seen in this place.
 G = Mean time per level.
                   A        B        C        D        E       F      G
               +--------+--------+--------+--------+--------+-----+--------+
         Total |  16793 |  15854 |    939 |   1069 |  12152 |  15 | 1119.5 |
       Dungeon |  13072 |  12210 |    862 |    801 |   9308 |  12 | 1089.3 |
          Lair |   3720 |   3644 |     76 |    268 |   2843 |   3 | 1240.0 |
               +--------+--------+--------+--------+--------+-----+--------+

Top non-repeatable levels by time:
     D:5: 2034 daAuts
  Lair:1: 1912 daAuts
     D:7: 1425 daAuts
    D:10: 1345 daAuts
    D:11: 1165 daAuts
     D:9: 1094 daAuts
     D:2: 1080 daAuts
     D:4: 1076 daAuts
     D:6: 1048 daAuts
     D:8: 1043 daAuts
  Lair:2: 1012 daAuts
     D:3: 917 daAuts
  Lair:3: 795 daAuts
     D:1: 736 daAuts
    D:12: 104 daAuts

Table legend:
 A = Non-vault XP
 B = Vault XP
 C = Vault XP percentage of total XP
 D = Non-vault monster count
 E = Vault monster count
 F = Vault count percentage of total count
                 A         B        C        D         E       F
            +---------+---------+-------+---------+---------+-------
      Total |   36362 |    8662 |  19.2 |     338 |      55 |  14.0
            +---------+---------+-------+---------+---------+-------
        D:1 |      45 |       1 |   2.2 |      22 |       1 |   4.3
        D:2 |      54 |      14 |  20.6 |      20 |       7 |  25.9
        D:3 |      64 |       0 |   0.0 |      25 |       0 |   0.0
        D:4 |     183 |     169 |  48.0 |      15 |       1 |   6.2
        D:5 |     854 |     818 |  48.9 |      26 |      10 |  27.8
        D:6 |     714 |     387 |  35.1 |      15 |       2 |  11.8
        D:7 |    1535 |     675 |  30.5 |      38 |       9 |  19.1
        D:8 |    1635 |    1300 |  44.3 |      20 |       7 |  25.9
        D:9 |    3291 |     516 |  13.6 |      30 |       1 |   3.2
       D:10 |    2103 |    2625 |  55.5 |      19 |      11 |  36.7
       D:11 |    2781 |       0 |   0.0 |      19 |       0 |   0.0
       D:12 |    1663 |       0 |   0.0 |       8 |       0 |   0.0
     Lair:1 |    8828 |       0 |   0.0 |      38 |       0 |   0.0
     Lair:2 |    6464 |     418 |   6.1 |      23 |       1 |   4.2
     Lair:3 |    6148 |    1739 |  22.0 |      20 |       5 |  20.0
            +---------+---------+-------+---------+---------+-------
